 Dungeon Crawl Stone Soup version 0.27.1-33-g824d729ab1 (webtiles) character file.

Game seed: 7254214202672607376

1581407 Hortimo the Intangible (level 27, 135/135 HPs)
             Began as a Spriggan Berserker on Dec 28, 2021.
             Was a High Priest of Trog.
             Escaped with the Orb
             ... and 3 runes on Jan 1, 2022!
             The game lasted 08:33:04 (81123 turns).

Hortimo the Intangible (Spriggan Berserker)        Turns: 81123, Time: 08:33:04

Health: 135/135    AC: 32    Str: 22    XL:     27
Magic:  22/22      EV: 57    Int:  9    God:    Trog [*****.]
Gold:   2307       SH: 20    Dex: 39    Spells: 26/26 levels left

rFire    + + +     SeeInvis +   a - +11 rapier "Natithe" {flame, Dex+2}
rCold    . . .     Faith    .   Q - +3 buckler {AC+3}
rNeg     + + +     Spirit   .   l - +9 ice dragon scales
rPois    +         Reflect  +   j - +2 hat
rElec    +         Harm     .   d - +2 cloak "Xackikh" {*Corrode Regen+ Dex+5}
rCorr    +         Rampage  .   (gloves unavailable)
Will     +++++                  (boots unavailable)
Stlth    +++.......             y - amulet "Icucett" {Reflect rCorr SH+5}
HPRegen  1.32/turn              T - ring "Jer Huca" {Fire rElec Str+4}
MPRegen  0.18/turn              G - ring of Virtue {rPois rF+++ rC- rN+++ Dex+6}

@: studying 2 skills, very quick
A: very small, no large weapons, unfitting armour, see invisible, speed 3,
camouflage 1, agile 1, deterioration 2, frail 2, low mp 1, strong-willed 1,
inhibited regeneration, strong 1, subdued magic 1
0: Orb of Zot
}: 3/15 runes: decaying, slimy, gossamer
a: Renounce Religion, Berserk, Trog's Hand, Brothers in Arms


You escaped.
You worshipped Trog.
Trog was extremely pleased with you.
You visited 11 branches of the dungeon, and saw 55 of its levels.
You also visited: Ice Cave and Desolation.

You collected 6007 gold pieces.
You spent 3700 gold pieces at shops.

Inventory:

Hand Weapons
 a - the +11 rapier "Natithe" (weapon) {flame, Dex+2}
   (You found it on level 14 of the Dungeon)

   It burns those it strikes, dealing additional fire damage.
   Dex:       It affects your dexterity (+2).
 b - a +6 antimagic rapier
 N - a +9 vorpal quick blade
Missiles
 n - 5 curare-tipped darts
 t - 18 boomerangs of dispersal
 z - 9 boomerangs
 F - 4 silver boomerangs (quivered)
 O - 10 atropa-tipped darts
 Z - 7 datura-tipped darts
Armour
 d - the +2 cloak "Xackikh" (worn) {*Corrode Regen+ Dex+5}
   (You acquired it on level 2 of the Crypt)

   Dex:       It affects your dexterity (+5).
   Regen:     It increases your rate of health regeneration.
   *Corrode:  It may corrode you when you take damage.
 j - a +2 hat (worn)
 l - +9 ice dragon scales (worn)
 L - a scarf of invisibility
 Q - a +3 buckler of protection (worn)
Jewellery
 i - the ring "Plog" {rPois AC+4 Str+4}
   (You found it on level 14 of the Dungeon)

   [ring of protection]

   AC:        It affects your AC (+4).
   Str:       It affects your strength (+4).
   rPois:     It protects you from poison.
 y - the amulet "Icucett" (around neck) {Reflect rCorr SH+5}
   (You found it in the Desolation of Salt)

   [amulet of reflection]

   It reflects blocked missile attacks.
   rCorr:     It protects you from acid and corrosion.
   SH:        It affects your SH (+5).
 C - the ring "Nuitiamm" {+Blink rC+ Dex+3 SInv}
   (You found it on level 13 of the Dungeon)

   [ring of see invisible]

   Dex:       It affects your dexterity (+3).
   rC:        It protects you from cold.
   SInv:      It lets you see invisible.
   +Blink:    It lets you blink.
 G - the ring of Virtue (right hand) {rPois rF+++ rC- rN+++ Dex+6}
   (You acquired it on level 4 of the Swamp)

   [ring of dexterity]

   Dex:       It affects your dexterity (+6).
   rF:        It renders you almost immune to fire.
   rC:        It makes you vulnerable to cold.
   rPois:     It protects you from poison.
   rN:        It renders you almost immune to negative energy.
 T - the ring "Jer Huca" (left hand) {Fire rElec Str+4}
   (You found it on level 13 of the Dungeon)

   [ring of fire]

   It enhances your fire magic.
   Str:       It affects your strength (+4).
   rF:        It protects you from fire.
   rC:        It makes you vulnerable to cold.
   rElec:     It insulates you from electricity.
Wands
 g - a wand of iceblast (7)
 h - a wand of paralysis (39)
 u - a wand of charming (25)
 B - a wand of acid (3)
 U - a wand of polymorph (27)
 V - a wand of digging (9)
Scrolls
 e - 5 scrolls of fog
 k - 5 scrolls of vulnerability
 o - 4 scrolls of silence
 p - 12 scrolls of teleportation
 w - 2 scrolls of fear
 x - a scroll of holy word
 E - 6 scrolls of blinking
 X - 2 scrolls of summoning
Potions
 c - 2 potions of might
 f - 2 potions of haste
 m - 3 potions of magic
 s - 3 potions of cancellation
 A - 2 potions of attraction
 D - 2 potions of invisibility
 H - 3 potions of mutation
 I - 5 potions of flight
 K - 9 potions of curing
 P - 3 potions of resistance
 R - 6 potions of heal wounds
 S - 4 potions of lignification
 W - 10 potions of ambrosia
Miscellaneous
 q - a box of beasts
 v - a phantom mirror
 J - a tin of tremorstones (2/2)
 M - a condenser vane
 Y - a phial of floods


   Skills:
 + Level 25.3 Fighting
 - Level 14.0 Short Blades
 - Level 0.7(1.0) Axes
 - Level 0.4(0.6) Maces & Flails
 - Level 0.2(0.4) Polearms
 - Level 0.5 Bows
 - Level 0.6 Crossbows
 - Level 12.0 Throwing
 - Level 13.3 Armour
 O Level 27 Dodging
 - Level 20.0 Stealth
 - Level 7.2 Shields
 - Level 1.0 Invocations
 - Level 18.0 Evocations


You had 26 spell levels left.
You didn't know any spells.
Your spell library contained the following spells:

 Spells                   Type           Power      Damage    Failure   Level
 Shock                    Conj/Air       0%         1d3       63%         1


Dungeon Overview and Level Annotations

Branches:
Dungeon (15/15)            Temple (0/1) D:6            Lair (6/6) D:11
  Swamp (4/4) Lair:2       Spider (4/4) Lair:3        Slime (5/5) Lair:5
    Orc (2/2) D:11            Elf (2/3) Orc:2        Vaults (4/5) D:14
  Crypt (3/3) Vaults:3       Tomb (0/3) Crypt:3      Depths (5/5) D:15
    Zot (5/5) Depths:5      IceCv (visited)         Desolation (visited)

Altars:
Ashenzari
Cheibriados
Fedhas
Kikubaaqudgha
Makhleb
Trog
Wu Jian
Yredelemnul
Beogh
Jiyva

Shops:
D:2 [   D:4 ==(   D:9 ?   D:11 [   D:14 *   Orc:2 (*=:   Elf:2 (   Vaults:1 *
Vaults:2 (   Depths:5 :*=

Portals:
Hell: Depths:1 Depths:2 Depths:3 Depths:4 Depths:5
Abyss: Depths:4
Pandemonium: Depths:1 Depths:3
Ziggurat: Depths:3
Trove: D:13 (give +7 demon whip)

Annotations:
D:2 Natasha
Lair:6 exclusion: 4 oklob plants
Vaults:4 exclusion: orange crystal statue
Crypt:2 Mennas
Depths:1 Bai Suzhen
Depths:4 exclusion: 2 statues
Depths:5 invis scarf


Innate Abilities, Weirdness & Mutations

You are very small and have problems with some larger weapons.
You are too small for most types of armour.
You have supernaturally acute eyesight. (SInv)
You cover ground extremely quickly. (Speed+++)
Your skin changes colour to match your surroundings (Stealth+).
You are agile. (Dex +2)
Your body often deteriorates upon taking damage.
You are very frail. (-20% HP)
Your magical capacity is low. (-10% MP)
You are strong-willed. (Will+)
You do not regenerate when monsters are visible.
Your muscles are strong. (Str +2)
Your spells are a little easier to cast, but a little less powerful.


Message History

There is a stone staircase leading up here.
You climb upwards.
There is a stone staircase leading down here.
(D) Dungeon (T) Temple (L) Lair (S) Swamp (N) Spider Nest (M) Slime Pits (O) Orcish Mines (E) Elven Halls (V) Vaults (C) Crypt (W) Tomb (U) Depths (H) Hell (Z) Zot
Where to? (Enter - D:1 @ (x,y), ? - help)
There is a stone staircase leading up here.
You climb upwards.
Level annotation: Natasha
There is a stone staircase leading down here.
An Orb Guardian comes into view.
There is an escape hatch in the ceiling here.
The Orb Guardian completely misses you. A mysterious force pulls you upwards.
The hatch slams shut behind you.
(D) Dungeon (T) Temple (L) Lair (S) Swamp (N) Spider Nest (M) Slime Pits (O) Orcish Mines (E) Elven Halls (V) Vaults (C) Crypt (W) Tomb (U) Depths (H) Hell (Z) Zot
Where to? (Enter - D:1 @ (x,y), ? - help)
There is an open door here.
You open the door.
A glowing orange brain comes into view.
There is an open door here.
The glowing orange brain pulsates.
Something tries to feed on your intellect!
You puncture the glowing orange brain! You burn the glowing orange brain.
The glowing orange brain is lightly wounded.
You hit the glowing orange brain. You burn the glowing orange brain.
The glowing orange brain is moderately wounded.
You impale the glowing orange brain!! You burn the glowing orange brain.
The glowing orange brain is almost dead.
You completely miss the glowing orange brain.
The glowing orange brain is almost dead.
You impale the glowing orange brain!! You burn the glowing orange brain.
You kill the glowing orange brain!
Trog accepts your kill.
There is a staircase leading out of the dungeon here.
You have escaped!

#)........#.#.........#....#
#.........'.'.........#.....
#[........#.#.........#.)...
#######.......##.##.......##.....
......###...####+###....###......
.......##'#####...#####'##.......
######.##.###.......###.##..#.###
#.#...#.........#...#..#.# # ##
#.#...+....@....'...#....# # .#
#.#...#.........#...#.#..# # .#
#.#..###.......###.##...## # .#
#.##.#####...#####.#...## # .#
#.##..#####'#####..#†### # .##
#.###.............##.#### # ..##
#.# ###############.....# ##
...###.###...##.##........#..###.
....##.....#..#[####..###.#......


There were no monsters in sight!

Vanquished Creatures
  the Royal Jelly (Slime:5)
  A dread lich (Vaults:3)
  2 ancient liches (Zot:5)
  9 orbs of fire
  Margery (Crypt:2)
  Xtahua (Crypt:3)
  Saint Roka (Depths:3)
  A Killer Klown (Zot:5)
  4 curse toes
  A caustic shrike (Depths:3)
  4 golden dragons
  A profane servitor (Crypt:3)
  Arachne (Spider:2)
  3 electric golems
  19 Orb Guardians (Zot:5)
  Jorgrun (D:15)
  13 tentacled monstrosities
  2 quicksilver dragons
  An Ice Fiend (D:7)
  8 ancient champions
  11 death cobs
  Asterion (Depths:3)
  8 sphinxes
  18 acid blobs
  Frances (D:14)
  4 tengu reavers
  Kirke (D:12)
  8 shadow dragons
  2 revenants (Crypt:3)
  6 draconian monks
  A thorn hunter (Swamp:2)
  The ghost of unrecovered the Basher, a journeyman TrGl of the Shining One (Orc:1)
  11 storm dragons
  6 fire giants
  A fenstrider witch (Swamp:2)
  9 azure jellies
  3 draconian knights (Zot:5)
  4 rockslimes
  Aizul (Vaults:2)
  2 deep elf sorcerers
  7 frost giants
  6 ghost moths
  A cacodemon (Depths:3)
  The ghost of hitsuchi the Severer, a journeyman PaAK of Lugonu (Spider:1)
  10 vault wardens
  6 ghouls (Crypt:2)
  10 draconian scorchers
  6 emperor scorpions (Spider:4)
  6 draconian shifters
  5 draconian stormcallers
  4 draconian annihilators
  14 ironbound preservers
  A deep elf elementalist (Depths:5)
  19 very ugly things
  3 reapers (IceCv)
  6 quicksilver oozes
  2 vampire knights
  9 stone giants
  13 black draconians
  17 yellow draconians
  8 green draconians
  A halazid warlock (Desolation)
  12 white draconians
  12 purple draconians
  A deep elf annihilator (Depths:4)
  2 entropy weavers
  10 spark wasps
  4 bunyips
  Snorg (D:12)
  3 deep elf death magi
  4 eidola
  13 red draconians
  8 ettins
  2 merfolk javelineers
  A merfolk impaler (Depths:1)
  11 fire dragons
  11 jiangshi
  7 eleionomae
  The ghost of Jeban the Spear-Bearer, a journeyman OpFi of Gozag (Lair:5)
  A crystal guardian (Vaults:4)
  2 mummy priests (Crypt:3)
  Josephine (D:13)
  6 yaktaur captains
  2 deep elf high priests (Depths:5)
  A caustic shrike simulacrum (IceCv)
  3 rakshasas
  6 great orbs of eyes
  2 servants of whispers (Desolation)
  A ghost crab (Swamp:2)
  A salamander tyrant (Depths:3)
  10 spriggan air magi
  3 vault guards
  6 ironbound thunderhulks
  An ogre mage (Orc:2)
  A hell beast (Depths:4)
  6 ice dragons
  30 hydras
  8 boulder beetles
  A catoblepas (D:13)
  10 centaur warriors
  3 peacekeepers
  2 death knights
  5 ironbound frosthearts
  15 alligators
  A death yak (Lair:6)
  A two-headed ogre (shapeshifter) (Vaults:2)
  5 tengu warriors
  6 deep troll earth magi
  10 two-headed ogres
  6 vampire magi
  4 deep troll shamans
  2 ironbound beastmasters
  20 dancing weapons
  An orc high priest (Orc:2)
  9 spriggan berserkers
  Nergalle (D:12)
  3 soul eaters
  15 deep elf knights
  A fire crab (shapeshifter) (D:14)
  13 hell knights
  2 sixfirhies (Depths:3)
  3 shadow wraiths
  5 goliath frogs
  7 glowing orange brains
  2 salamander mystics (Depths:3)
  6 iron trolls
  25 skeletal warriors
  54 deep trolls
  5 spriggan druids
  20 swamp dragons
  3 flayed ghosts
  A swamp dragon (shapeshifter) (Depths:3)
  10 wizards
  10 bog bodies
  9 ironbound convokers
  8 deep elf archers
  An iron giant zombie (Crypt:2)
  A harpy (Depths:4)
  8 necromancers
  An obsidian statue (IceCv)
  A golden dragon skeleton (Crypt:2)
  5 lindwurms
  15 deep elf pyromancers
  23 wolf spiders
  2 shadow dragon zombies
  An orb spider (shapeshifter) (D:13)
  18 deep elf zephyrmancers
  A fire giant zombie (Crypt:1)
  12 manticores
  10 phantasmal warriors
  19 orb spiders
  2 oklob plants (Lair:5)
  An ugly thing (shapeshifter) (D:13)
  2 shining eyes (Slime:5)
  6 orc knights
  8 orc sorcerers
  39 ugly things
  2 will-o-the-wisps
  5 salamanders (Depths:3)
  17 cyclopes
  8 elephants
  8 black mambas
  2 guardian serpents (Desolation)
  18 vault sentinels
  An iron dragon skeleton (Crypt:1)
  An ice statue (Spider:3)
  21 moths of wrath
  2 fire giant skeletons (Crypt:3)
  A molten gargoyle (Desolation)
  An eye of devastation (Slime:5)
  3 torpor snails (Spider:3)
  2 gargoyles
  A green draconian zombie (Crypt:1)
  3 kobold demonologists
  6 rime drakes
  4 komodo dragons
  12 cane toads
  32 yaktaurs
  15 freezing wraiths
  2 unseen horrors
  6 tengu conjurers
  12 demonic crawlers
  A grey draconian skeleton (Crypt:2)
  3 anaconda simulacra
  3 golden dragon simulacra (IceCv)
  A minotaur skeleton (Crypt:3)
  An entropy weaver simulacrum (IceCv)
  3 guardian mummies (Crypt:3)
  A queen bee (Lair:5)
  33 jumping spiders
  2 bloated husks
  A polar bear (shapeshifter) (D:13)
  9 tyrant leeches
  3 meliai (Spider:3)
  A blink frog (shapeshifter) (D:15)
  19 hornets
  11 trolls
  Prince Ribbit (Lair:1)
  A polar bear (Lair:6)
  44 slime creatures
  A guardian serpent zombie (Crypt:3)
  13 saltlings (Desolation)
  A boulder beetle zombie (Crypt:1)
  23 blink frogs
  A hydra skeleton (Crypt:2)
  A black mamba zombie (Crypt:3)
  A fire giant simulacrum (Depths:1)
  A shadow (D:11)
  A centaur simulacrum (D:13)
  An ice dragon skeleton (Crypt:3)
  67 redbacks
  6 wraiths
  13 spriggans
  22 water elementals
  2 satyr skeletons
  30 tarantellas
  52 yaks
  2 ushabtiu (Crypt:3)
  10 wyverns
  A black mamba skeleton (Crypt:2)
  A fire elemental (Elf:1)
  5 golden eyes (Slime:4)
  A steam dragon (D:9)
  5 basilisks
  A human (shapeshifter) (Elf:2)
  A vampire (D:12)
  15 humans (D:14)
  2 chaos spawn
  5 hogs (D:12)
  A vampire mosquito (Swamp:2)
  5 minotaur simulacra (IceCv)
  9 wargs
  A harpy simulacrum (IceCv)
  18 swamp worms
  An acid dragon (D:9)
  An orb spider zombie (Crypt:1)
  18 water moccasins
  2 hell hounds (Depths:4)
  A cane toad zombie (Crypt:1)
  A faun skeleton (Crypt:2)
  7 swamp drakes
  A hornet zombie (D:8)
  A floating eye (Slime:3)
  36 orc warriors
  4 black bears
  A gelid demonspawn skeleton (Crypt:2)
  15 ogres
  An ice dragon simulacrum (Crypt:2)
  A black bear (shapeshifter) (Depths:3)
  A sky beast (D:5)
  3 ice beasts
  4 necrophages
  7 boggarts
  12 centaurs
  A blink frog skeleton (Crypt:1)
  A manticore skeleton (Crypt:3)
  65 wolves
  26 kobold brigands
  A gnoll sergeant (D:13)
  6 scorpions
  3 deep troll simulacra (IceCv)
  12 bullfrogs
  A hornet simulacrum (D:13)
  10 killer bees
  A snapping turtle simulacrum (Crypt:3)
  4 wights (D:6)
  A troll skeleton (Crypt:2)
  8 electric eels
  4 howler monkeys
  7 centaur zombies
  3 bullfrog zombies (D:6)
  3 hounds
  A jelly (D:6)
  2 centaur skeletons
  A gnoll shaman (D:6)
  24 orc priests
  5 iguanas
  2 black bear skeletons
  43 orc wizards
  Natasha (D:2)
  Terence (D:2)
  A killer bee zombie (D:6)
  An ogre zombie (Crypt:3)
  A naga zombie (Crypt:3)
  A tengu zombie (Crypt:3)
  A tengu skeleton (Crypt:3)
  A hound zombie (Crypt:3)
  12 mummies (Crypt:3)
  3 howler monkey zombies
  4 adders
  8 gnolls
  An ufetubus (D:4)
  A worm (D:3)
  3 dart slugs
  72 orcs
  5 ball pythons
  3 endoplasms
  3 giant cockroaches
  4 goblins
  6 hobgoblins
  8 jackals
  2 quokkas
  6 bats
  2 frilled lizards
  A hobgoblin zombie (Crypt:1)
  20 kobolds
  An orc skeleton (Crypt:3)
  4 rats
  2 butterflies (Lair:1)
2177 creatures vanquished.

Vanquished Creatures (collateral kills)
  Boris (Vaults:4)
  the Lernaean hydra (Swamp:4)
  A lich (Depths:3)
  A quicksilver dragon (Zot:4)
  3 acid blobs (Slime:5)
  3 rockslimes (Slime:5)
  A fire giant (Depths:5)
  An imperial myrmidon (Desolation)
  A vault warden (Vaults:3)
  An ironbound preserver (Vaults:3)
  A draconian annihilator (Zot:1)
  A stone giant (Vaults:3)
  A yellow draconian (Zot:1)
  2 black draconians (Zot:1)
  The ghost of Befuwnopp the Grappler, a journeyman TrHu of Cheibriados (Lair:3)
  A spark wasp (Depths:3)
  2 peacekeepers (Desolation)
  A servant of whispers (Desolation)
  2 vault guards (Vaults:3)
  4 hydras
  A tengu warrior (Depths:3)
  3 dancing weapons (Elf:1)
  A deep troll shaman (Depths:3)
  3 death yaks (Lair:6)
  A spriggan berserker (Depths:5)
  An iron troll (Depths:3)
  2 deep elf archers
  5 swamp dragons
  A bog body (Swamp:4)
  3 spriggan druids
  3 orb spiders (Spider:2)
  4 deep elf zephyrmancers (Elf:1)
  3 ironbound convokers
  4 deep elf pyromancers
  2 wolf spiders
  An ugly thing (Vaults:3)
  4 slime creatures (Slime:5)
  A guardian serpent (Lair:6)
  A black mamba (Lair:6)
  A gargoyle (D:11)
  A torpor snail (Lair:6)
  4 cane toads (Lair:6)
  A demonic crawler (Spider:2)
  2 jumping spiders (Spider:2)
  A hornet (Lair:6)
  A tyrant leech (Swamp:3)
  2 blink frogs (Lair:6)
  4 saltlings (Desolation)
  A spriggan (Swamp:3)
  2 yaks (Lair:6)
  2 fire elementals (Elf:1)
  A minotaur simulacrum (IceCv)
  2 swamp worms
  A water moccasin (Lair:6)
  A swamp drake (Swamp:4)
  An orc warrior (Depths:3)
  2 centaurs (D:11)
  2 earth elementals (Elf:1)
  A deep troll simulacrum (IceCv)
  A lindwurm simulacrum (IceCv)
  3 orcs (Depths:3)
111 creatures vanquished.

Vanquished Creatures (others)
  A draconian knight (Zot:4)
  2 fire giants (Depths:5)
  A ragged hierophant (Desolation)
  2 deep elf knights
  A wizard (Depths:4)
  An orc knight (D:13)
  A deep elf zephyrmancer (Elf:1)
  A harpy (shapeshifter) (Elf:1)
  An ugly thing (Depths:1)
  A wolf spider (Spider:1)
  A moth of wrath (Zot:2)
  A demonic crawler (Spider:2)
  A hornet (Swamp:2)
  A fire dragon zombie (Depths:1)
  A spriggan (Swamp:2)
  A swamp worm (Swamp:2)
  2 orcs
  A bush (Lair:6)
  70 fungi
  129 plants
220 creatures vanquished.

Grand Total: 2508 creatures vanquished

Notes
Turn   | Place    | Note
-------+----------+-------------------------------------------
     0 | D:1      | Hortimo the Spriggan Berserker began the quest for the Orb.
     0 | D:1      | Reached XP level 1. HP: 11/11 MP: 2/2
   187 | D:1      | Reached skill level 1 in Stealth
   216 | D:1      | Found a faded altar of an unknown god.
   223 | D:1      | Got Plato's Collected Works on Weightlessness
   467 | D:1      | Reached XP level 2. HP: 16/16 MP: 3/3
   947 | D:2      | Found Hoofegh's Book Shop.
  1195 | D:2      | Reached XP level 3. HP: 19/19 MP: 4/4
  1514 | D:2      | Noticed Terence
  1524 | D:2      | Killed Terence
  1525 | D:2      | Reached skill level 5 in Short Blades
  1809 | D:2      | Noticed Natasha
  1816 | D:2      | Killed Natasha
  1817 | D:2      | Reached XP level 4. HP: 23/23 MP: 5/5
  1903 | D:2      | Found Ockir's Antique Armour Shop.
  2087 | D:2      | Noticed Natasha
  2658 | D:3      | Found a snail-covered altar of Cheibriados.
  2814 | D:3      | Reached XP level 5. HP: 26/27 MP: 6/6
  3079 | D:3      | Reached ** piety under Trog
  3646 | D:3      | Found a broken altar of Ashenzari.
  4108 | D:3      | Reached XP level 6. HP: 32/32 MP: 7/7
  4133 | D:4      | Found Koacaddu's Jewellery Shoppe.
  4268 | D:4      | Found Hoanor's Weapon Emporium.
  4615 | D:4      | Found Pocif's Jewellery Boutique.
  4668 | D:4      | Found Noloir's General Store.
  5042 | D:4      | Reached skill level 1 in Throwing
  5184 | D:5      | Entered Level 5 of the Dungeon
  5255 | D:5      | Noticed a sky beast
  5256 | D:5      | Reached XP level 7. HP: 29/36 MP: 8/8
  5850 | D:5      | Reached *** piety under Trog
  5851 | D:5      | Reached XP level 8. HP: 40/40 MP: 9/9
  6265 | D:5      | Reached skill level 1 in Shields
  6573 | D:6      | Found a basalt altar of Yredelemnul.
  6820 | D:6      | Reached skill level 1 in Evocations
  6912 | D:2      | Bought a glowing cloak for 225 gold pieces
  7325 | D:6      | Reached skill level 10 in Short Blades
  7786 | D:6      | Reached skill level 5 in Stealth
  7875 | D:6      | Found a staircase to the Ecumenical Temple.
  7915 | D:6      | Reached XP level 9. HP: 33/44 MP: 10/10
  7968 | D:6      | Reached **** piety under Trog
  9035 | D:7      | Found a blossoming altar of Fedhas.
 10730 | D:2      | Bought a glowing robe for 111 gold pieces
 11790 | D:9      | Found an ornate altar of the Wu Jian Council.
 11966 | D:9      | Reached XP level 10. HP: 51/51 MP: 11/11
 12535 | D:9      | Found Cus Nil's Magic Scroll Emporium.
 12544 | D:9      | Bought a scroll of blinking for 75 gold pieces
 12613 | D:10     | Entered Level 10 of the Dungeon
 12613 | D:10     | Noticed a two-headed ogre
 12615 | D:10     | Killed a two-headed ogre
 12616 | D:10     | Reached skill level 5 in Fighting
 12890 | D:10     | Reached skill level 5 in Dodging
 12986 | D:10     | Reached skill level 5 in Shields
 12993 | D:10     | Reached ***** piety under Trog
 13258 | D:10     | Reached skill level 6 in Dodging
 13437 | D:10     | Reached skill level 7 in Dodging
 13925 | D:10     | Reached skill level 8 in Dodging
 14232 | D:10     | Noticed a gargoyle
 14234 | D:10     | Killed a gargoyle
 14235 | D:10     | Reached XP level 11. HP: 56/56 MP: 12/12
 14908 | D:10     | Noticed a two-headed ogre
 15068 | D:10     | Killed a two-headed ogre
 15069 | D:10     | Reached skill level 9 in Dodging
 15226 | D:10     | Identified the +1 dagger of Biyluxto {drain, Str+7}
 15855 | D:11     | Received a gift from Trog
 15985 | D:11     | Found a staircase to the Lair.
 16077 | D:11     | Reached skill level 10 in Dodging
 16289 | D:11     | Found Wofet's Armour Boutique.
 16295 | D:11     | Bought a +0 buckler of protection for 138 gold pieces
 16570 | D:11     | Noticed a two-headed ogre
 16692 | D:11     | Killed a two-headed ogre
 16971 | D:11     | Noticed a boulder beetle
 17012 | D:11     | Reached skill level 11 in Dodging
 17096 | D:11     | Killed a boulder beetle
 17681 | D:11     | Found a staircase to the Orcish Mines.
 17754 | Lair:1   | Entered Level 1 of the Lair of Beasts
 17999 | D:11     | Reached skill level 12 in Dodging
 18135 | Lair:1   | Reached XP level 12. HP: 62/62 MP: 13/13
 18178 | Lair:1   | Noticed Prince Ribbit
 18313 | Lair:1   | Killed Prince Ribbit
 18851 | Lair:1   | Received a gift from Trog
 19048 | Lair:1   | Reached skill level 13 in Dodging
 19604 | Lair:2   | Noticed a boulder beetle
 19733 | Lair:3   | Found a hole to the Spider Nest.
 19884 | Lair:3   | Found a runed translucent door.
 19884 | Lair:3   | Noticed Befuwnopp's ghost (journeyman TrHu)
 20188 | Lair:3   | Noticed a boulder beetle
 20213 | Lair:3   | Killed a boulder beetle
 20214 | Lair:3   | Reached skill level 10 in Stealth
 20346 | Lair:3   | Reached skill level 5 in Evocations
 20580 | Lair:3   | Identified the +0 leather armour of Rizatwup {Rampage rC+
                  | Int+2}
 21117 | Lair:3   | Noticed a seven-headed hydra
 21147 | Lair:3   | Killed a seven-headed hydra
 21418 | Lair:4   | Noticed a seven-headed hydra
 21521 | Lair:4   | Killed a seven-headed hydra
 21522 | Lair:4   | Reached skill level 14 in Dodging
 21522 | Lair:4   | Reached XP level 13. HP: 68/68 MP: 14/14
 21583 | Lair:4   | Reached skill level 5 in Throwing
 22553 | Lair:5   | Found a staircase to the Slime Pits.
 22896 | Lair:5   | Found a transporter.
 22898 | Lair:5   | Found a transporter.
 22899 | Lair:5   | Noticed Jeban's ghost (journeyman OpFi)
 23369 | Lair:6   | Entered Level 6 of the Lair of Beasts
 24892 | Lair:6   | Reached XP level 14. HP: 74/74 MP: 15/15
 25433 | Lair:6   | Reached skill level 15 in Dodging
 25641 | Lair:6   | Reached ****** piety under Trog
 25928 | Lair:6   | Received a gift from Trog
 26779 | Lair:5   | Killed Jeban's ghost
 26816 | Lair:5   | Identified the +1 robe of the Secret Friars {Rampage Dex+9
                  | SInv}
 26820 | Lair:5   | Identified a scroll of acquirement
 26820 | Lair:5   | Acquired an amulet of reflection
 26956 | Lair:3   | Killed Befuwnopp's ghost
 27179 | Lair:2   | You fall into a shaft and drop 2 floors!
 27260 | Lair:2   | Reached skill level 16 in Dodging
 27751 | Lair:2   | Reached skill level 10 in Fighting
 28030 | Lair:2   | Found a staircase to the Swamp.
 28412 | D:9      | Bought a scroll of acquirement for 520 gold pieces
 28416 | D:9      | Acquired a +2 hat
 28425 | D:9      | Bought a scroll of identify for 20 gold pieces
 28425 | D:9      | Bought a scroll of identify for 20 gold pieces
 28425 | D:9      | Bought a scroll of identify for 20 gold pieces
 28430 | D:9      | Bought a scroll of identify for 20 gold pieces
 28538 | Orc:1    | Entered Level 1 of the Orcish Mines
 28673 | Orc:1    | Found a large runed translucent door.
 28674 | Orc:1    | Found a large runed translucent door.
 28677 | Orc:1    | Noticed unrecovered's ghost (journeyman TrGl)
 28832 | Orc:2    | Entered Level 2 of the Orcish Mines
 29369 | Orc:2    | Reached skill level 17 in Dodging
 29862 | Orc:2    | Found a staircase to the Elven Halls.
 30061 | Orc:2    | Received a gift from Trog
 30649 | Orc:2    | Found Kumaminuss's Weapon Emporium.
 30649 | Orc:2    | Found Dikhuc's General Store.
 30650 | Orc:2    | Found Qiug's Book Shoppe.
 30656 | Orc:2    | Reached XP level 15. HP: 81/81 MP: 16/16
 30656 | Orc:2    | Found Hausch's Jewellery Shoppe.
 30658 | Orc:2    | Bought a potion of might for 72 gold pieces
 30889 | D:9      | Bought a scroll of enchant armour for 75 gold pieces
 30982 | D:12     | Noticed Nergalle
 31089 | D:12     | Killed Nergalle
 31089 | D:12     | Received a gift from Trog
 31130 | D:12     | Noticed Kirke
 31163 | D:12     | Killed Kirke
 31280 | D:12     | Noticed Snorg
 31287 | D:12     | Killed Snorg
 31529 | D:13     | Found a portal to a secret trove of treasure.
 32439 | D:13     | Found a runed translucent door.
 32439 | D:13     | Found a runed translucent door.
 32490 | D:13     | Noticed Josephine
 32519 | D:13     | Killed Josephine
 32725 | D:13     | Identified the ring of Pihurol {rCorr Dex+6 SInv}
 32910 | D:13     | Identified the ring "Jer Huca" {Fire rElec Str+4}
 32921 | D:13     | Identified the ring of Gaega {rF+ rN+ Will+}
 32932 | D:13     | Identified the ring "Nuitiamm" {+Blink rC+ Dex+3 SInv}
 33132 | D:14     | Found a gate to the Vaults.
 33227 | D:14     | Received a gift from Trog
 34116 | D:14     | Reached XP level 16. HP: 92/92 MP: 17/17
 34256 | D:14     | Identified the ring "Plog" {rPois AC+4 Str+4}
 34321 | D:14     | Noticed Frances
 34348 | D:14     | Killed Frances
 34381 | D:14     | Found Hathraj's Assorted Antiques.
 34580 | D:14     | Bought a scroll labelled DAETWO YWOSH for 45 gold pieces
 34584 | D:14     | Bought a scroll of identify for 90 gold pieces
 34957 | D:14     | Reached skill level 18 in Dodging
 35034 | D:14     | Identified the +1 troll leather armour of Jyn Qowk {Regen+
                  | MP+9 Int+4 Dex+4 SInv}
 35035 | D:14     | Identified the +1 troll leather armour of Snakes and
                  | Ladders {Will+ Regen+ Int+2 Dex+4 Slay+2}
 35105 | D:14     | Identified the +4 long sword "Eleilica" {spect, rElec rC-
                  | Dex+4}
 35109 | D:14     | Identified the +6 rapier of Forced Transition {venom, *Slow
                  | Dex+6 Stlth+}
 35115 | D:14     | Identified the +11 rapier "Natithe" {flame, Dex+2}
 35119 | D:14     | Identified the +9 hand axe of Fear {flame, rCorr Str+3
                  | Int-5 SInv}
 35263 | D:15     | Entered Level 15 of the Dungeon
 35382 | D:15     | Found a bloodstained altar of Trog.
 35691 | D:15     | Noticed Jorgrun
 35698 | D:15     | Killed Jorgrun
 35904 | D:15     | Found a staircase to the Depths.
 36211 | Spider:1 | Entered Level 1 of the Spider Nest
 36438 | Spider:1 | Identified the +4 rapier of Corruption {flame, rElec rN+
                  | Str+4 SInv} (Trog gifted it to you on level 1 of the Spider
                  | Nest)
 36438 | Spider:1 | Received a gift from Trog
 36733 | Spider:1 | Found a transporter.
 36736 | Spider:1 | Noticed hitsuchi's ghost (journeyman PaAK)
 36747 | Spider:1 | Found a transporter.
 36867 | Spider:1 | Killed hitsuchi's ghost
 36868 | Spider:1 | Reached skill level 19 in Dodging
 37171 | Spider:2 | Noticed Arachne
 37310 | Spider:2 | Reached skill level 15 in Stealth
 37332 | Spider:2 | Killed Arachne
 37516 | Spider:2 | Reached XP level 17. HP: 65/96 MP: 18/18
 37965 | Spider:3 | Received a gift from Trog
 38006 | Spider:3 | Found a frozen archway.
 38063 | IceCv    | Entered an ice cave
 38262 | IceCv    | Identified the +0 hat "Deull" {rN+ Dex+2}
 38968 | Spider:3 | Reached skill level 10 in Throwing
 39069 | Spider:3 | Received a gift from Trog
 39342 | Spider:4 | Entered Level 4 of the Spider Nest
 39813 | Spider:4 | Received a gift from Trog
 40373 | Spider:4 | Got a gossamer rune of Zot
 40604 | Swamp:1  | Entered Level 1 of the Swamp
 40809 | Swamp:1  | Reached XP level 18. HP: 103/103 MP: 19/19
 41464 | Swamp:2  | Received a gift from Trog
 41477 | Swamp:2  | Noticed a tentacled monstrosity
 41494 | Swamp:2  | Killed a tentacled monstrosity
 41555 | Swamp:2  | Reached skill level 10 in Evocations
 41616 | Swamp:2  | Reached skill level 1 in Invocations
 41735 | Swamp:2  | You are sucked into a shaft and drop 1 floor!
 41762 | Swamp:3  | Reached skill level 1 in Armour
 42042 | Swamp:2  | Noticed a tentacled monstrosity
 42072 | Swamp:2  | Killed a tentacled monstrosity
 42248 | Swamp:2  | Reached skill level 5 in Armour
 42536 | Swamp:3  | Reached skill level 15 in Fighting
 42667 | Swamp:3  | Received a gift from Trog
 43029 | Swamp:4  | Entered Level 4 of the Swamp
 43461 | Swamp:4  | Acquired the ring of Virtue {rPois rF+++ rC- rN+++ Dex+6}
 43740 | Swamp:4  | Noticed the 27-headed Lernaean hydra
 43750 | Swamp:4  | Killed the 25-headed Lernaean hydra
 43853 | Swamp:4  | Reached XP level 19. HP: 109/109 MP: 20/20
 43998 | Swamp:4  | Got a decaying rune of Zot
 44373 | Elf:1    | Entered Level 1 of the Elven Halls
 44402 | Elf:1    | Received a gift from Trog
 44696 | Elf:1    | Identified the +2 robe of the Big Bang {rElec rF- Int+4
                  | Dex+6}
 45944 | Elf:2    | Acquired a manual of Evocations
 46001 | Elf:2    | Received a gift from Trog
 46157 | Elf:2    | Found Unidytt's Antique Weapon Shop.
 46185 | Elf:2    | Identified the +2 robe "Ileraz" {rPois Dex+4}
 46523 | Elf:2    | Found a huge runed translucent gate.
 46523 | Elf:2    | Found a huge runed translucent gate.
 46527 | Elf:2    | Found a huge runed translucent gate.
 46527 | Elf:2    | Found a huge runed translucent gate.
 46527 | Elf:2    | Found a huge runed translucent gate.
 46983 | Elf:2    | Received a gift from Trog
 46987 | Elf:2    | Reached skill level 20 in Dodging
 47539 | D:9      | Bought a scroll of torment for 75 gold pieces
 47661 | D:14     | Bought a phantom mirror for 1800 gold pieces
 47711 | Vaults:1 | Entered Level 1 of the Vaults
 47711 | Vaults:1 | Found Doopupu's General Store.
 48875 | Vaults:1 | Received a gift from Trog
 49138 | Vaults:2 | Found a crumbling gateway.
 49146 | Desolati | Entered the Desolation of Salt
 49192 | Desolati | Reached XP level 20. HP: 103/117 MP: 21/21
 49215 | Desolati | Identified the amulet "Icucett" {Reflect rCorr SH+5}
 49257 | Desolati | Identified the ring of Juclac {Will+ Stlth+}
 49295 | Desolati | Identified the +2 ring mail "Nyarph" {rC++}
 49549 | Desolati | Identified the +0 robe of Paranoia {Rampage Str+6}
 50091 | Vaults:2 | Noticed Aizul
 50128 | Vaults:2 | Killed Aizul
 50145 | Vaults:2 | Found Umnoashe's Weapon Boutique.
 50209 | Vaults:2 | Identified the +8 dagger of the New World {vorpal, rElec
                  | Str+4 Dex-4} (Trog gifted it to you on level 2 of the
                  | Vaults)
 50209 | Vaults:2 | Received a gift from Trog
 50219 | Vaults:2 | Identified the +0 helmet "Byahugeck" {rCorr}
 51104 | Vaults:3 | Noticed a dread lich
 51129 | Vaults:3 | Killed a dread lich
 51392 | Vaults:3 | Received a gift from Trog
 52051 | Vaults:3 | Received a gift from Trog
 52093 | Vaults:3 | Found a staircase to the Crypt.
 52153 | Vaults:3 | Reached XP level 21. HP: 109/125 MP: 22/22
 52910 | Vaults:4 | Reached skill level 15 in Evocations
 53490 | Vaults:4 | Noticed Boris
 53554 | Vaults:4 | Killed Boris
 54013 | Depths:1 | Entered Level 1 of the Depths
 54051 | Depths:1 | Received a gift from Trog
 54244 | Depths:1 | Found a one-way gate leading to the halls of Pandemonium.
 54368 | Depths:1 | Found a gateway to Hell.
 54829 | Depths:1 | Noticed Bai Suzhen
 55743 | Depths:2 | Reached skill level 10 in Armour
 55748 | Depths:2 | Received a gift from Trog
 56644 | Depths:3 | Noticed Saint Roka
 56770 | Depths:3 | Gained mutation: Your magical capacity is low. (-10% MP) [a
                  | cacodemon]
 56794 | Depths:3 | Found a gateway to a ziggurat.
 56795 | Depths:3 | Noticed a caustic shrike
 56818 | Depths:3 | Killed Saint Roka
 57068 | Depths:3 | Reached XP level 22. HP: 117/130 MP: 21/21
 57241 | Depths:3 | Identified the +9 falchion "Dolafu" {protect, Stlth+}
 57859 | Depths:3 | Received a gift from Trog
 58501 | Depths:3 | Noticed Asterion
 59185 | Depths:3 | Identified the +1 great mace "Kaoveyss" {elec, Dex+5}
 59367 | Depths:3 | Killed Asterion
 59575 | Depths:3 | Killed a caustic shrike
 59968 | Depths:4 | Found a burning altar of Makhleb.
 60397 | Depths:4 | Received a gift from Trog
 61648 | Depths:4 | Reached XP level 23. HP: 98/137 MP: 22/22
 62029 | Depths:4 | Found a one-way gate to the infinite horrors of the Abyss.
 62348 | Depths:5 | Entered Level 5 of the Depths
 62384 | Depths:5 | Found Wienk's Book Boutique.
 62396 | Depths:5 | Found Koobo's Jewellery Boutique.
 62400 | Depths:5 | Found Pocif's Assorted Antiques.
 62406 | Depths:5 | Bought a wand of acid (7) for 304 gold pieces
 63799 | Depths:5 | Received a gift from Trog
 64423 | Depths:5 | Found a gate to the Realm of Zot.
 65197 | Vaults:1 | Bought a scroll of enchant armour for 90 gold pieces
 65309 | Crypt:1  | Entered Level 1 of the Crypt
 66235 | Crypt:2  | Noticed Margery
 66277 | Crypt:2  | Killed Margery
 66464 | Crypt:2  | Identified the +11 short sword of Sidumir {antimagic,
                  | Str+2} (Trog gifted it to you on level 2 of the Crypt)
 66464 | Crypt:2  | Received a gift from Trog
 66893 | Crypt:2  | Acquired the +2 cloak "Xackikh" {*Corrode Regen+ Dex+5}
 67007 | Crypt:2  | Noticed Mennas
 67325 | Crypt:3  | Entered Level 3 of the Crypt
 67369 | Crypt:3  | Identified the +6 great sword of Wycletia {antimagic,
                  | rPois}
 67556 | Crypt:3  | Found a staircase to the Tomb.
 67774 | Crypt:3  | Reached XP level 24. HP: 145/145 MP: 22/22
 67881 | Crypt:3  | Received a gift from Trog
 68036 | Crypt:3  | Reached skill level 21 in Dodging
 68668 | Crypt:3  | Noticed Xtahua
 68726 | Crypt:3  | Killed Xtahua
 68840 | Crypt:3  | Reached skill level 22 in Dodging
 69065 | Crypt:3  | Found an ancient bone altar of Kikubaaqudgha.
 69071 | Crypt:3  | Found a basalt altar of Yredelemnul.
 69076 | Crypt:3  | Found the +7 lajatang of Order {silver, rMut}
 69140 | Crypt:3  | Identified the amulet "Lelanogi" {RegenMP Rampage rElec rN+
                  | Int-3}
 69619 | Orc:1    | Killed unrecovered's ghost
 69824 | Slime:1  | Entered Level 1 of the Pits of Slime
 70163 | Slime:4  | Paralysed by a floating eye for 4 turns
 70234 | Slime:4  | Reached skill level 23 in Dodging
 70292 | Slime:5  | Entered Level 5 of the Pits of Slime
 70483 | Slime:5  | Received a gift from Trog
 70631 | Slime:5  | Found a viscous altar of Jiyva.
 70638 | Slime:5  | Noticed the Royal Jelly
 70773 | Slime:5  | Reached skill level 24 in Dodging
 70899 | Slime:5  | Killed the Royal Jelly
 71016 | Slime:5  | Identified the +5 rapier of Indomitability {vorpal, Drain
                  | rF+ Dex+5 SInv}
 71017 | Slime:5  | Identified the +0 plate armour of Nihilism {rElec}
 71075 | Slime:5  | Identified the +9 war axe of the Eight Suns {vorpal, *Slow
                  | rPois rF+ rC+}
 71077 | Slime:5  | Got a slimy rune of Zot
 71084 | Slime:5  | Acquired a manual of Stealth
 71464 | Zot:1    | Entered Level 1 of the Realm of Zot
 71984 | Depths:5 | Reached skill level 25 in Dodging
 72895 | Zot:1    | Reached XP level 25. HP: 150/150 MP: 22/22
 73749 | Zot:2    | Reached skill level 26 in Dodging
 74860 | Zot:3    | Noticed an orb of fire
 75283 | Zot:3    | Reached skill level 27 in Dodging
 77205 | Zot:5    | Entered Level 5 of the Realm of Zot
 77205 | Zot:5    | Noticed an orb of fire
 77207 | Zot:5    | Gained mutation: You expend magic power (3 MP) to
                  | strengthen your wands. [an orb of fire]
 77221 | Zot:4    | Gained mutation: Your body sometimes deteriorates upon
                  | taking damage. [an orb of fire]
 77227 | Zot:4    | Gained mutation: You are strong-willed. (Will+) [an orb of
                  | fire]
 77240 | Zot:4    | Killed an orb of fire
 77548 | Zot:5    | Reached XP level 26. HP: 151/158 MP: 22/22
 77619 | Zot:5    | Received a gift from Trog
 78096 | Zot:5    | Noticed an orb of fire
 78129 | Zot:5    | Gained mutation: You do not regenerate when monsters are
                  | visible. [an orb of fire]
 78133 | Zot:5    | Gained mutation: Armour fits poorly on your strangely
                  | shaped body. [an orb of fire]
 78136 | Zot:5    | Gained mutation: Your magical capacity is very low. (-20%
                  | MP) [an orb of fire]
 78147 | Zot:5    | Gained mutation: You are frail. (-10% HP) [an orb of fire]
 78201 | Zot:5    | Killed an orb of fire
 78275 | Zot:5    | Noticed an orb of fire
 78318 | Zot:5    | Killed an orb of fire
 78335 | Zot:5    | Noticed an orb of fire
 78351 | Zot:5    | Noticed an orb of fire
 78353 | Zot:5    | Gained mutation: You are very frail. (-20% HP) [an orb of
                  | fire]
 78361 | Zot:5    | Gained mutation: You are dopey. (Int -2) [an orb of fire]
 78363 | Zot:5    | Killed an orb of fire
 78365 | Zot:5    | Gained mutation: Your body often deteriorates upon taking
                  | damage. [an orb of fire]
 78380 | Zot:5    | Killed an orb of fire
 78507 | Zot:5    | Noticed an orb of fire
 78659 | Zot:5    | Noticed an orb of fire
 78682 | Zot:5    | Noticed an orb of fire
 78700 | Zot:5    | Gained mutation: You tend to lose your temper in combat.
                  | [an orb of fire]
 78710 | Zot:5    | Gained mutation: You are extremely frail. (-30% HP) [an orb
                  | of fire]
 78719 | Zot:5    | Killed an orb of fire
 78722 | Zot:5    | Gained mutation: You sometimes lose the ability to read
                  | scrolls when taking damage. [an orb of fire]
 78723 | Zot:5    | Gained mutation: You are clumsy. (Dex -2) [an orb of fire]
 78724 | Zot:5    | Killed an orb of fire
 78825 | Zot:2    | Lost mutation: Armour fits poorly on your strangely shaped
                  | body. [potion of mutation]
 78825 | Zot:2    | Lost mutation: You are dopey. (Int -2) [potion of mutation]
 78825 | Zot:2    | Lost mutation: You tend to lose your temper in combat.
                  | [potion of mutation]
 78825 | Zot:2    | Gained mutation: You are very clumsy. (Dex -4) [potion of
                  | mutation]
 78825 | Zot:2    | Lost mutation: You expend magic power (3 MP) to strengthen
                  | your wands. [potion of mutation]
 78913 | Zot:1    | Lost mutation: You are extremely frail. (-30% HP) [potion
                  | of mutation]
 78913 | Zot:1    | Lost mutation: You are very clumsy. (Dex -4) [potion of
                  | mutation]
 78913 | Zot:1    | Gained mutation: Your skin changes colour to match your
                  | surroundings (Stealth+). [potion of mutation]
 79140 | D:13     | Lost mutation: You sometimes lose the ability to read
                  | scrolls when taking damage. [potion of mutation]
 79140 | D:13     | Lost mutation: Your magical capacity is very low. (-20% MP)
                  | [potion of mutation]
 79140 | D:13     | Lost mutation: You are clumsy. (Dex -2) [potion of
                  | mutation]
 79140 | D:13     | Gained mutation: Your muscles are strong. (Str +2) [potion
                  | of mutation]
 79140 | D:13     | Gained mutation: You are agile. (Dex +2) [potion of
                  | mutation]
 79581 | Zot:5    | Noticed an ancient lich
 79611 | Zot:5    | Killed an ancient lich
 79658 | Zot:5    | Killed an orb of fire
 79726 | Zot:5    | Noticed an ancient lich
 79744 | Zot:5    | Killed an ancient lich
 79847 | Zot:5    | Noticed an orb of fire
 79875 | Zot:5    | Gained mutation: Your spells are a little easier to cast,
                  | but a little less powerful. [an orb of fire]
 79877 | Zot:5    | Killed an orb of fire
 79990 | Zot:5    | Received a gift from Trog
 80046 | Zot:5    | Reached XP level 27. HP: 113/134 MP: 7/22
 80584 | Zot:5    | Got the Orb of Zot
 81062 | D:4      | Noticed Veniypag the pandemonium lord
 81123 | D:$      | Escaped with the Orb!

Illustrated notes

Levels and vault maps discovered:
D:1:      dpeg_arrival_three_smaller_balls, layout_loops_ring,
          shapermc_ecumenical_altar_rom_forum
D:2:      layout_basic, serial_shops, shop, nicolae_diamond_shop, uniq_natasha,
          uniq_terence
D:3:      layout_loops_corners, mainiacjoe_overflow_brackets,
          kennysheep_slug_shrine, serial_forest, infiniplex_forest_clump_curved,
          infiniplex_forest_clump_long, infiniplex_forest_lined_corner,
          infiniplex_forest_end_3, infiniplex_forest_clump_C,
          infiniplex_forest_clump_long, infiniplex_forest_lined_4_way,
          infiniplex_forest_straight_3, infiniplex_forest_straight_3
D:4:      layout_loops_ring, serial_shops, kennysheep_mini_moat,
          nicolae_square_shop, nicolae_shop_trees, shop
D:5:      layout_rooms, kennysheep_small_circle
D:6:      layout_basic, nicolae_yredelemnul_corpse_copse,
          minmay_temple_entry_glass
D:7:      layout_layer_cave, fedhas_ov_isle_minmay
D:8:      layout_gridville, minmay_fractal_squares_gapless_5
D:9:      layout_basic, amcnicky_altar_gilded, serial_shops,
          nicolae_diamond_shop, hangedman_abyss_or_decor_stabs,
          chequers_serial_rivers_micro_c
D:10:     layout_loops_ring, special_room [special_room_kobold],
          nooodl_orcs_dogs
D:11:     layout_loops_corners, due_lair_maze_entry_diamond, erik_orc_2,
          serial_shops, shop
D:12:     layout_rooms, uniq_nergalle, uniq_snorg, uniq_kirke
D:13:     minmay_the_grid_triangle_9x9_rhombus_full
          [minmay_the_grid_triangle_9x9_steps,
          minmay_the_grid_triangle_9x9_tough_junction,
          minmay_the_grid_triangle_9x9_cache,
          minmay_the_grid_triangle_9x9_stretched_checkered,
          minmay_the_grid_triangle_9x9_thin_v,
          minmay_the_grid_triangle_9x9_dagger,
          minmay_the_grid_triangle_9x9_zippers_horizontal,
          minmay_the_grid_triangle_9x9_prize_special], layout_basic,
          enter_trove_3, uniq_josephine
D:14:     giant_chief_lemuel, layout_basic, david_vaults_3, serial_shops, shop,
          minivault_24, uniq_frances
D:15:     hangedman_depths_entry_civil_slaughter, layout_basic,
          nrook_pool_corridor, bloody_trog, uniq_jorgrun
Lair:1:   layout_hall_layers, lemuel_fruit_fields, serial_bayou_shore_a,
          uniq_prince_ribbit2
Lair:2:   layout_cellular_growth, minmay_swamp_entry_reptiles,
          grunt_forest_large_clearings, lemuel_fruit_tree
Lair:3:   layout_cave_pods, nicolae_spider_entry_orb_guardian,
          hellmonk_ghost_happy_afterlife, grunt_megastairs_4
Lair:4:   layout_long_grid
Lair:5:   layout_loops_ring, minmay_slime_entry_oklob_open, gammafunk_ghost_hive
Lair:6:   hangedman_lair_tendril_chambers, layout_regular_city,
          minmay_lair_oklob_chamber, infiniplex_staircase_pool_2
Swamp:1:  layout_falls_marsh, nicolae_swamp_triple_paths, swamp_pool2,
          nicolae_swamp_fairy_circle, st_swamp_ruins_2
Swamp:2:  nzn_winding_woodlands_three_and_one
          [nzn_winding_woodlands_5x15_river_crossing,
          nzn_winding_woodlands_5x15_zeroes, nzn_winding_woodlands_5x15_pool,
          nzn_winding_woodlands_center_garden], layout_basic_swamp,
          hangedman_swamp_ruin_hall
Swamp:3:  layout_basic_swamp, serial_swamp_ruin, evilmike_swamp_ruin_house_4,
          evilmike_swamp_ruin_house_6
Swamp:4:  swamp_old_school, layout_basic_swamp, swamp_pool1,
          grunt_lady_of_the_lake
Spider:1: layout_spider_delve, gammafunk_ghost_arena
Spider:2: layout_spider_delve, hangedman_spider_tarantella_strand, uniq_arachne
Spider:3: nicolae_spider_jumping_over_cracks [nicolae_spider_jumping_sub_grid,
          nicolae_spider_jumping_sub_lake, nicolae_spider_jumping_sub_grid,
          nicolae_spider_jumping_sub_lanes],
          portal_ice_cave_entry_ice_statue_one, nicolae_spider_webs_and_nodes
Spider:4: grunt_spider_rune_circles, hangedman_spider_mandibles
Slime:1:  cheibrodos_slime_lost_civilization_9, layout_caves
Slime:2:  layout_caves
Slime:3:  layout_caves, cheibrodos_slime_lost_civilization_5
Slime:4:  layout_caves
Slime:5
Orc:1:    layout_caves, ebering_ghost_disaster_area
Orc:2:    st_orc_mages, layout_caves
Elf:1:    nicolae_elf_arrival_fired_up, layout_loops_corners, evilmike_minifort,
          ebering_dispersal_statue_hall
Elf:2:    elven_hall_of_blades_hangedman_alternative
          [nicolae_blade_entry_area_security], layout_geoelf_octagon,
          serial_shops, shop_statue
Vaults:1: nicolae_vaults_little_squares_3, grunt_vaults_twisty,
          vaults_room_pools, special_room_vaults [special_room_orc], v_misc_5,
          vaults_room_hallway, vaults_dpeg_encased_lava, vaults_room_door_ring,
          vaults_room_stairs_pillars, layout_vaults_quadrants, serial_shops,
          nicolae_shop_temple_entry_statues_fountains
Vaults:2: nicolae_vaults_network_star, v_misc_14, vaults_dpeg_cross,
          nicolae_vaults_yaktaur_gun_rack, v_misc_31, v_misc_18, v_misc_14,
          vaults_dpeg_hooks, layout_vaults_omnicross, serial_shops,
          nicolae_shop_trees, portal_desolation_entry_nicolae_slug, uniq_aizul
Vaults:3: v_misc_12, nicolae_vaults_specimen_jars, vaults_dpeg_doors, v_misc_22,
          vaults_room_semicircle, ontoclasm_vaults_shout, v_misc_5,
          v_alt_pattern_4, v_alt_pattern_5, minmay_crypt_entry_simple_box,
          layout_vaults_omnibox
Vaults:4: v_rooms_2, v_misc_23, hangedman_vaults_pinch, grunt_vaults_trifunnel,
          hangedman_vaults_corner, v_misc_24, nicolae_vaults_asterisk,
          ontoclasm_vaults_shuriken, vaults_mumra_hexcomb, v_pattern_5,
          vaults_mumra_chevron, nicolae_vaults_statue_guard, layout_vaults_ring,
          uniq_boris
Crypt:1:  layout_gridlike
Crypt:2:  layout_gridlike, uniq_mennas, uniq_margery
Crypt:3:  lightli_unholy_cathedral, layout_chaotic_city,
          nicolae_tomb_entry_unfolded_pyramid_orthogonal, uniq_xtahua
Depths:1: layout_gridlike, rand_demon_pan_entry_3,
          abyss_entry_small_statue_room, hangedman_decor_opposing, hell_entry,
          hangedman_glass_teeth, serial_bayou_lagoon_b, uniq_bai_suzhen
Depths:2: cheibrodos_quadrivalence, layout_cave_pools, kennysheep_minor_cross,
          grunt_metal_band
Depths:3: minmay_complete_graph, layout_gridlike, enter_ziggurat_d,
          minmay_misc_feat_roman, hellmouth_1, rand_demon_pan_entry_5,
          uniq_asterion, uniq_saint_roka
Depths:4: evilmike_halls_of_destruction, layout_cave_pools,
          marbit_kobold_abyss_entry, corexii_hall_statues_x, special_room
          [special_room_mythical_zoo], hell_entry, makhleb_altar_promises_db
Depths:5: grunt_zot_entry_bicorn, layout_cave_pools, hell_entry,
          minmay_shop_star
Zot:1:    layout_gridville
Zot:2:    layout_concentric_octagons
Zot:3:    layout_onion_interference, grunt_megastairs_2
Zot:4:    layout_gridville, skrybe_zot_glass_3
Zot:5:    layout_gridlike, st_stairs_2

Skill      XL: |  1  2  3  4  5  6  7  8  9 10 11 12 13 14 15 16 17 18 19 20 21 22 23 24 25 26 27 |
---------------+----------------------------------------------------------------------------------+-----
Stealth        | 1 2 3 4 5 7 8 11 14 15 16 18 19 20 | 20.0
Short Blades   | 4 5 6 7 8 10 11 12 14 | 14.0
Throwing       | 1 2 4 8 9 11 12 | 12.0
Fighting       | 3 4 5 6 7 8 10 13 14 16 17 18 19 21 22 24 25 | 25.3
Shields        | 2 4 6 7 |  7.2
Evocations     | 2 3 5 6 8 10 13 18 | 18.0
Dodging        | 8 12 14 17 19 20 25 27 | 27.0
Invocations    | 1 |  1.0
Armour         | 5 7 9 11 13 | 13.3
Axes           | |  0.7
Maces & Flails | |  0.4
Polearms       | |  0.2
Bows           | |  0.5
Crossbows      | |  0.6

Action                   |  1- 3 |  4- 6 |  7- 9 | 10-12 | 13-15 | 16-18 | 19-21 | 22-24 | 25-27 || total
-------------------------+-------+-------+-------+-------+-------+-------+-------+-------+-------++-------
Melee: Short sword       |    98 |    61 |   283 |  1170 |   659 |       |       |       |       ||  2271
       Dagger            |       |   135 |   197 |       |     3 |       |       |       |       ||   335
       Quick blade       |       |       |       |       |  1207 |   208 |       |    76 |    18 ||  1509
       Rapier            |       |       |       |       |    45 |  1648 |  2248 |  3203 |  2005 ||  9149
Throw: Dart              |       |     2 |    22 |   137 |    78 |    10 |    25 |    40 |       ||   314
       Boomerang         |       |       |       |    34 |    97 |    38 |    28 |    15 |    11 ||   223
       Throwing net      |       |       |       |       |       |       |       |       |     2 ||     2
Invok: Berserk           |     3 |     3 |     4 |     3 |     2 |       |       |       |       ||    15
       Brothers in Arms  |       |       |       |     1 |     6 |    12 |    13 |    11 |     4 ||    47
       Trog's Hand       |       |       |       |     1 |     3 |     1 |     3 |    10 |     5 ||    23
Evoke: Wand              |       |       |       |    14 |     7 |    27 |    11 |    23 |    45 ||   127
       Tin of tremorston |       |       |       |       |       |       |     1 |     2 |       ||     3
       Phantom mirror    |       |       |       |       |       |       |     1 |     2 |     1 ||     4
  Use: Scroll            |       |     4 |     1 |    10 |    13 |     7 |    14 |    12 |     7 ||    68
       Potion            |       |     3 |       |       |     2 |     1 |     2 |     6 |    19 ||    33
 Stab: Sleeping          |     4 |     5 |    13 |    27 |    41 |    82 |    77 |    38 |    18 ||   305
       Distracted        |       |     1 |       |       |    13 |    18 |    15 |    16 |    11 ||    74
       Confused          |       |       |       |       |     5 |     3 |       |       |       ||     8
       Paralysed         |       |       |       |       |     3 |       |     1 |       |       ||     4
       Petrifying        |       |       |       |       |     3 |       |       |       |       ||     3
       Held in net/web   |       |       |       |       |       |     4 |       |       |     3 ||     7
Armor: Animal skin       |    10 |     3 |    20 |       |       |       |       |       |       ||    33
       Robe              |       |       |     9 |    54 |    52 |     1 |       |       |       ||   116
       Troll leather arm |       |       |       |       |       |    80 |    47 |       |       ||   127
       Ice dragon scales |       |       |       |       |       |       |    31 |   338 |   100 ||   469
Dodge: Dodged            |    71 |   121 |   209 |   470 |   620 |   890 |   943 |  1436 |   917 ||  5677
Block: Buckler           |       |       |    66 |   238 |   396 |   830 |   846 |  1328 |   793 ||  4497
       Reflection        |       |       |       |       |     7 |     8 |    39 |    24 |    16 ||    94
